Map: 카이로스 정션 - 래더

Players

Neeb

  • Race: Protoss Protoss
  • Spawn Location: 5:00

Trap - Winner!

  • Race: Protoss Protoss
  • Spawn Location: 11:00

Event: IEM Season 13: Katowice (2019)

VOD

Have the link to the VOD?

Description

Time

  • Played on: Feb. 28, 2019, 10:55 a.m.
  • Length: 5:14

All games in this series

Show
View Real Time Build Order
Export as new Build Order

Neeb Protoss 

Build Orders: Phoenix Opening 

Get SALT Encoding   

  12  0:00  Probe  
  13  0:12  Probe  
  14  0:17  Pylon  
  14  0:23  Probe  
  15  0:32  Probe  
  15  0:36  Gateway  
  15  0:40  Probe  
  16  0:45  Assimilator  
  17  0:50  Probe  
  17  0:54  Assimilator  
  18  0:58  Probe  
  19  1:07  Gateway, Probe  
  20  1:17  Probe  
  20  1:24  Cybernetics Core  
  21  1:29  Probe  
  22  1:36  Pylon  
  22  1:41  Probe  
  23  1:54  Warp Gate, Probe  
  24  2:00  Stalker  
  24  2:01  Sentry  
  28  2:06  Probe  
  29  2:11  Pylon  
  29  2:18  Probe  
  30  2:29  Stalker  
  32  2:30  Stalker  
  33  2:46  Phoenix  
  33  2:50  Nexus  
  33  2:53  Probe  
  34  3:00  Sentry  
  34  3:05  Probe  
  37  3:08  Pylon  
  37  3:16  Robotics Facility  
  37  3:17  Probe  
  38  3:25  Shield Battery  
  38  3:30  Shield Battery  
  38  3:42  Sentry, Stalker  
  42  3:50  Shield Battery  
  42  3:51  Shield Battery  
  42  3:53  Immortal  
  42  3:54  Shield Battery  
  42  4:09  Sentry  
  48  4:15  Shield Battery  
  48  4:21  Stalker  
  50  4:28  Pylon  
  50  4:38  Pylon  
  50  4:45  Pylon  
  42  5:03  Stalker  
Show
View Real Time Build Order
Export as new Build Order

Trap Protoss - Winner!

Build Orders:  

Get SALT Encoding   

  12  0:00  Probe  
  13  0:12  Probe  
  14  0:17  Pylon  
  14  0:24  Probe  
  15  0:32  Probe  
  15  0:37  Gateway  
  15  0:40  Probe  
  17  0:50  Probe  
  17  0:53  Assimilator  
  18  0:57  Assimilator  
  18  0:58  Probe  
  19  1:06  Probe  
  19  1:07  Gateway  
  20  1:17  Probe  
  20  1:23  Cybernetics Core  
  21  1:29  Probe  
  22  1:34  Pylon  
  22  1:41  Probe  
  23  1:54  Probe, Pylon  
  23  2:00  Adept  
  23  2:01  Adept  
  28  2:04  Warp Gate  
  28  2:17  Robotics Facility  
  28  2:30  Stalker  
  28  2:32  Stalker  
  32  2:47  Gateway  
  32  2:56  Immortal  
  32  3:01  Sentry  
  34  3:12  Pylon  
  38  3:25  Warp Prism  
  40  3:45  Pylon  
  40  3:54  Sentry x2, Stalker  
  46  4:02  Pylon  
  46  4:20  Stalker x3  
  52  4:28  Immortal  
  54  4:47  Adept  
  54  4:48  Adept  

Tags
 
Add a new tag
Caveats
  • Supply blocks, unpowered buildings, or Contaminate may cause inaccurate times.
  • Supply counts are checked every 10 seconds.